 Dungeon Crawl Stone Soup version 0.28.0-49-g6dfe1f597d (webtiles) character file.

Game seed: 11093719025902235335

174 firemarshallily the Sneak (level 5, -6/27 HPs)
             Began as a Spriggan Brigand on May 11, 2022.
             Killed by divine providence
             ... invoked by an orc priest
              (15 damage)
             ... on level 4 of the Dungeon.
             The game lasted 00:07:27 (2256 turns).

firemarshallily the Sneak (Spriggan Brigand)        Turns: 2256, Time: 00:07:27

Health: -6/27      AC:  3    Str:  2    XL:     5   Next: 28%
Magic:  0/0        EV: 17    Int: 13    God:
Gold:   64         SH:  5    Dex: 18    Spells: 4/4 levels left

rFire   . . .      SeeInvis +   a - +2 dagger
rCold   . . .      Faith    .   (no shield)
rNeg    + . .      Spirit   .   b - +0 robe
rPois   .          Reflect  +   (helmet restricted)
rElec   .          Harm     .   c - +0 cloak
rCorr   .          Rampage  .   (gloves unavailable)
Will    .....                   (boots unavailable)
Stlth   +++++.....              k - amulet of reflection
HPRegen 0.09/turn               o - ring of Ciheowk {rN+ MP-9 Str-5 Slay+5 Stlth+}
MPRegen 0.07/turn               (no ring)

@: very quick
A: very small, no large weapons, unfitting armour, see invisible, speed 3
a: no special abilities


You were on level 4 of the Dungeon.
You visited 1 branch of the dungeon, and saw 4 of its levels.

You collected 64 gold pieces.

Inventory:

Hand Weapons
 a - a +2 dagger (weapon)
Missiles
 d - 8 poisoned darts
 e - 2 curare-tipped darts
 f - 136 stones (quivered)
Armour
 b - a +0 robe (worn)
 c - a +0 cloak (worn)
Jewellery
 k - an amulet of reflection (around neck)
 o - the ring of Ciheowk (left hand) {rN+ MP-9 Str-5 Slay+5 Stlth+}
   (You found it on level 3 of the Dungeon)

   [ring of positive energy]

   Str:       It affects your strength (-5).
   Slay:      It affects your accuracy & damage with ranged weapons and melee
   (+5).
   rN:        It protects you from negative energy.
   MP:        It affects your magic capacity (-9).
   Stlth:     It makes you more stealthy.
Wands
 q - a wand of mindburst (6)
Scrolls
 g - 2 scrolls of vulnerability {unknown}
 h - a scroll of fear {unknown}
 i - 3 scrolls of identify {unknown}
 l - a scroll of brand weapon {unknown}
 m - a scroll of immolation {unknown}
 p - 5 scrolls of teleportation {unknown}
Potions
 j - a potion of curing
 n - 2 potions of invisibility {unknown}
 r - a potion of degeneration {unknown}
 s - a potion of attraction {unknown}


   Skills:
 + Level 2.4 Fighting
 * Level 4.1 Short Blades
 - Level 2.0 Throwing
 - Level 2.0 Dodging
 * Level 7.8 Stealth


You had 4 spell levels left.
You didn't know any spells.
Your spell library contained the following spells:

 Spells                   Type           Power      Damage    Failure   Level
 Hailstorm                Conj/Ice       0%         3d3       97%         4
 Fireball                 Conj/Fire      0%         3d3       100%        5
 Starburst                Conj/Fire      0%         6d3       100%        6


Dungeon Overview and Level Annotations

Branches:
Dungeon (4/15)
 Temple: D:4-7

Altars:

Shops:
D:1 [   D:2 [


Innate Abilities, Weirdness & Mutations

You are very small and have problems with some larger weapons.
You are too small for most types of armour.
You have supernaturally acute eyesight. (SInv)
You cover ground extremely quickly. (Speed+++)


Message History

Things that are here:
a +0 giant club; an ogre corpse The ball python hisses angrily.
Things that are here:
a +0 giant club; an ogre corpse You hit the orc but do no damage.
The orc is heavily wounded.
You puncture the hobgoblin!
You kill the hobgoblin!
The orc priest completely misses you. You block the orc's attack.
You barely miss the ball python. The ball python bites you.
The ball python grabs you. The ball python constricts you.
You closely miss the orc.
The orc is heavily wounded.
The ball python closely misses you. The ball python constricts you.
You hit the orc but do no damage.
The orc is heavily wounded.
The ball python completely misses you. The ball python constricts you.
You hit the ball python.
The ball python is severely wounded.
The ball python barely misses you. The ball python constricts you.
You hit the orc but do no damage.
The orc is heavily wounded.
The ball python bites you but does no damage.
The ball python constricts you. The orc misses you.
You hit the orc but do no damage.
The orc is heavily wounded.
The ball python bites you. The ball python constricts you.
The orc hits you with a +0 club.
* * * LOW HITPOINT WARNING * * *
You escape the ball python's grasp.
The orc priest begins to cast a cantrip, but forgets the words!
The orc priest looks encouraged for a moment.
There is a stone staircase leading up here.
You puncture the ball python!
You kill the ball python!
The orc priest invokes the aid of Beogh against you.
Beogh smites you!
Ouch! That really hurt!
You die...

............####
.#..#.......####
##....#.........
##..†##.....###..
...o.o..........#
###..##...>.####
#....##.....#######
..........o..oo†..#
####...####.####@##
#.....###......#
...###.....######
.## #...##.# #..
#.# ... #.# ### #.#
#.# ..#


You could see an orc priest and 2 orcs.

Vanquished Creatures
  An ogre (D:4)
  A howler monkey (D:3)
  2 adders (D:3)
  A dart slug (D:3)
  3 bats (D:3)
  2 endoplasms (D:1)
  A giant cockroach (D:1)
  3 goblins
  4 hobgoblins
  6 kobolds
  2 quokkas
  3 ball pythons
  2 rats (D:3)
31 creatures vanquished.

Notes
Turn   | Place    | Note
-------+----------+-------------------------------------------
     0 | D:1      | firemarshallily the Spriggan Brigand began the quest for
                  | the Orb.
     0 | D:1      | Reached XP level 1. HP: 10/10 MP: 2/2
   134 | D:1      | Found Wyarid's Antique Armour Emporium.
   143 | D:1      | Reached skill level 6 in Stealth
   214 | D:1      | Reached XP level 2. HP: 15/15 MP: 3/3
   890 | D:2      | Found Qurol's Antique Armour Shoppe.
  1058 | D:3      | Reached XP level 3. HP: 15/18 MP: 4/4
  1212 | D:3      | Identified the ring of Ciheowk {rN+ MP-9 Str-5 Slay+5
                  | Stlth+}
  1321 | D:3      | Reached skill level 7 in Stealth
  1321 | D:3      | Reached XP level 4. HP: 14/23 MP: 0/5
  1824 | D:3      | Found a faded altar of an unknown god.
  2164 | D:4      | Noticed an ogre
  2166 | D:4      | Got the Catalogue of Conjuration
  2177 | D:4      | Killed an ogre
  2178 | D:4      | Reached XP level 5. HP: 27/27 MP: 0/6
  2256 | D:4      | Killed from afar by an orc priest

Illustrated notes

Levels and vault maps discovered:
D:1:      minmay_arrival_nine_rooms, layout_basic, serial_shops, shop
D:2:      layout_basic, serial_shops, nicolae_shop_waterfront,
          serial_bayou_crossing
D:3:      layout_basic, shapermc_ecumenical_altar_mp_vishouse
D:4:      layout_rooms, minmay_temple_entry_slanted,
          minmay_misc_feat_secret_circle

Skill      XL: |  1  2  3  4 |
---------------+-------------+-----
Stealth        | 6 7 |  7.8
Dodging        | 2 |  2.0
Short Blades   | 3 4 |  4.1
Fighting       | 2 |  2.4
Throwing       | |  2.0

Action                   |  1- 3 |  4- 6 || total
-------------------------+-------+-------++-------
Melee: Dagger            |    98 |    18 ||   116
       Punch             |     1 |       ||     1
Throw: Stone             |     2 |     2 ||     4
  Use: Potion            |     1 |       ||     1
 Stab: Sleeping          |    10 |     2 ||    12
Armor: Robe              |     8 |     1 ||     9
Dodge: Dodged            |    45 |     8 ||    53
Block: Other             |    11 |     3 ||    14
